 Dungeon Crawl Stone Soup version 0.25-a0-420-g1cc7eeb0d1 (webtiles) character file.

Game seed: 4930828392465841426, levelgen mode: deterministic

28182 Conn the Thaumaturge (level 13, -2/82 HPs)
             Began as an Octopode Fire Elementalist on Jan 19, 2020.
             Was a Priest of Sif Muna.
             Slain by a komodo dragon (32 damage)
             ... on level 6 of the Lair of Beasts on Jan 20, 2020.
             The game lasted 01:13:57 (20703 turns).

Conn the Thaumaturge (Octopode Fire Elementalist)  Turns: 20703, Time: 01:13:58

Health: -2/82      AC:  1    Str: 12    XL:     13   Next: 37%
Magic:  26/28      EV: 14    Int: 19    God:    Sif Muna [***...]
Gold:   1075       SH:  5    Dex: 13    Spells: 3/35 levels left

rFire    + . .     SeeInvis .   a - +6 dagger (speed)
rCold    x . .     Gourm    .   P - +1 buckler {reflect}
rNeg     . . .     Faith    .   (helmet restricted)
rPois    .         Spirit   .   (no amulet)
rElec    .         Reflect  +   e - ring of flight
rCorr    +         Harm     .   v - ring of protection from magic
MR       ++...     Clarity  +   w - +2 ring of strength
Stlth    +++++.....             d - ring of fire
HPRegen  0.23/turn              H - ring of resist corrosion
MPRegen  0.21/turn              (no ring)
                                (no ring)
                                (no ring)

@: no status effects
A: almost no armour, stealthy swim, amphibious, 8 rings, constrict 8, camouflage
1, clarity, magic resistance 1, gelatinous body 1
a: Channel Magic, Forget Spell, Renounce Religion, Evoke Flight


You were on level 6 of the Lair of Beasts.
You worshipped Sif Muna.
Sif Muna was most pleased with you.
You were not hungry.

You visited 2 branches of the dungeon, and saw 15 of its levels.

You collected 1075 gold pieces.

Inventory:

Hand Weapons
 a - a +6 dagger of speed (weapon)
 c - a +0 short sword
 n - a +3 scimitar of flaming
 A - a +0 war axe of electrocution
 G - the +4 quarterstaff "Wirr" {drain, rF+ Str+4 Int-3 Dex+4}
   (You found it on level 5 of the Lair of Beasts)

   A truly terrible weapon, it drains the life of those it strikes.
   It affects your strength (+4).
   It affects your intelligence (-3).
   It affects your dexterity (+4).
   It protects you from fire.
 S - a +3 dagger of distortion
Missiles
 j - 56 poisoned darts
 r - 4 javelins
 O - 4 atropa-tipped darts (quivered)
Armour
 P - a +1 buckler of reflection (worn)
Magical Staves
 b - an uncursed staff of wizardry
Jewellery
 d - a ring of fire (on tentacle)
 e - a ring of flight (left tentacle)
 v - a ring of protection from magic (right tentacle)
 w - a +2 ring of strength (on tentacle)
 H - a ring of resist corrosion (on tentacle)
Wands
 k - a wand of digging (6)
 m - a wand of acid (45)
 q - a wand of flame (55)
 u - a wand of iceblast (32)
 y - a wand of disintegration (11)
 B - a wand of random effects (11)
 C - a wand of paralysis (5)
Scrolls
 f - 11 scrolls of teleportation
 h - 11 scrolls of identify
 l - 2 scrolls of amnesia
 o - 7 scrolls of remove curse
 K - 2 scrolls of fog
 R - a scroll of magic mapping
Potions
 p - 3 potions of berserk rage
 s - a potion of mutation
 x - 3 potions of flight
 z - a potion of might
 D - 4 potions of haste
 E - 2 potions of heal wounds
 F - a potion of magic
 I - a potion of agility
 J - 2 potions of resistance
 L - a potion of lignification
 N - 2 potions of curing
Miscellaneous
 M - a fan of gales
Comestibles
 g - 15 rations


   Skills:
 + Level 5.4 Fighting
 + Level 5.7 Short Blades
 + Level 0.2 Throwing
 + Level 4.0 Dodging
 + Level 10.0 Stealth
 * Level 2.2 Shields
 * Level 11.7 Spellcasting
 + Level 11.2 Conjurations
 + Level 0.9 Hexes
 * Level 1.5 Charms
 * Level 9.1 Fire Magic
 + Level 0.1 Poison Magic
 * Level 6.0 Invocations
 + Level 1.2 Evocations


You had 3 spell levels left.
You knew the following spells:

 Your Spells              Type           Power        Failure   Level  Hunger
a - Foxfire               Conj/Fire      ####         1%          1    None
b - Conjure Flame         Conj/Fire      ######..     1%          3    None
c - Sticky Flame          Conj/Fire      ######..     1%          4    ##.....
d - Fireball              Conj/Fire      ######....   3%          5    ####...
e - Inner Flame           Hex/Fire       #####...     3%          3    None
f - Mephitic Cloud        Conj/Pois/Air  ####....     4%          3    None
g - Freezing Cloud        Conj/Ice/Air   ####......   94%         6    ######.
h - Ring of Flames        Chrm/Fire      #####.....   100%        7    #######

Your spell library contained the following spells:

 Spells                   Type           Power        Failure   Level  Hunger
 Beastly Appendage        Tmut           ##....       8%          1    None
 Poisonous Vapours        Pois/Air       ##....       12%         2    None
 Sticks to Snakes         Tmut           ##......     12%         2    None
 Spider Form              Tmut/Pois      ##........   22%         3    None
 Ice Form                 Ice/Tmut       ##......     58%         4    ##.....
 Blade Hands              Tmut           ##........   91%         5    ####...


Dungeon Overview and Level Annotations

Branches:
Dungeon (9/15)             Temple (0/1) D:6            Lair (6/6) D:9
 Shoals (0/4) Lair:4       Spider (0/4) Lair:3        Slime (0/5) Lair:6
    Orc: D:9-12

Altars:
Ashenzari
Cheibriados
Dithmenos
Elyvilon
Gozag
Hepliaklqana
Makhleb
Okawaru
Qazlal
Sif Muna
Vehumet
Wu Jian
Yredelemnul
The Shining One
Jiyva


Innate Abilities, Weirdness & Mutations

You cannot wear most types of armour.
You are very stealthy in the water. (Stealth+)
You are amphibious.
You can wear up to eight rings at the same time.
You can use your tentacles to constrict eight enemies at once.
Your skin changes colour to match your surroundings (Stealth+).
Your rubbery body absorbs attacks. (AC +1, EV +1)
You possess an exceptional clarity of mind.
You are resistant to hostile enchantments. (MR+)


Message History

The foxfire hits the komodo dragon but does no damage.
The komodo dragon is lightly wounded.
The foxfire hits the komodo dragon.
The komodo dragon is moderately wounded.
Casting: Foxfire (safe; 1% risk of failure)
Confirm with . or Enter, or press ? or * to list all spells.
You feel a surge of power!
You conjure some foxfire!
The rime drake breathes ice at you. The flash freeze hits you!!
You feel a painful chill!
You are encased in ice.
The foxfire hits the komodo dragon but does no damage.
The komodo dragon is moderately wounded.
The foxfire hits the komodo dragon.
The komodo dragon is moderately wounded.
The komodo dragon bites you!
As you read the scroll of fog, it crumbles to dust.
The scroll dissolves into smoke.
The ice encasing you melts away. The komodo dragon bites you!!
You die...

.............#.....
#...........#.......
#..##....#.........P
#..#P...............
...P..P......#...>..
#................_..
#...........§§§.....
#.........§§§§......
/.........§§@§......
#..........§§l......
#..........§.§§.k...
##..................
##....#P...........
#...##.PP.....#P≈.
#...#.........#♣♣.
..............#
.........<....#


You could see a komodo dragon and a rime drake.

Vanquished Creatures
  Josephine (Lair:6)
  A hydra (Lair:4)
  Erica (D:8)
  A centaur warrior (D:8)
  2 death yaks (Lair:3)
  Sonja (Lair:4)
  Pikel (D:6)
  A black mamba (Lair:6)
  A torpor snail (Lair:6)
  10 spiny frogs
  4 komodo dragons
  4 rime drakes (Lair:4)
  A jumping spider (Lair:3)
  A hornet (D:7)
  11 blink frogs
  2 dream sheep (Lair:6)
  8 hippogriffs
  4 wraiths (Lair:6)
  28 yaks
  A basilisk (Lair:4)
  A wyvern (D:9)
  Menkaure (D:6)
  8 water moccasins
  3 porcupines
  2 sky beasts
  3 slaves
  An ice beast (D:5)
  An orc warrior (D:7)
  2 phantoms
  7 ogres
  14 wolves
  4 centaurs
  8 crocodiles
  Blork the orc (D:6)
  4 bullfrogs
  2 scorpions
  11 killer bees
  4 howler monkeys
  6 electric eels
  A bullfrog zombie (D:5)
  2 centaur zombies
  3 crimson imps
  2 hounds
  A jelly (D:5)
  Crazy Yiuf (D:7)
  A bullfrog skeleton (D:6)
  2 centaur skeletons
  2 iguanas
  4 orc wizards
  4 worker ants
  A killer bee zombie (D:8)
  2 hound zombies
  A howler monkey zombie (D:6)
  6 adders
  A shadow imp (D:8)
  2 oozes
  2 adder zombies
  An adder skeleton (D:9)
  4 worms
  2 dart slugs
  5 leopard geckos
  29 orcs
  3 ball pythons
  10 giant cockroaches
  7 goblins
  7 hobgoblins
  8 jackals
  3 quokkas
  4 bats
  5 frilled lizards
  A jackal skeleton (D:5)
  5 kobolds
  2 leopard gecko skeletons (D:4)
  A quokka skeleton (D:4)
  4 rats
  3 fungi
  7 plants
316 creatures vanquished.

Vanquished Creatures (collateral kills)
  A blink frog (Lair:6)
  4 dream sheep (Lair:6)
  6 yaks (Lair:6)
  A crocodile (Lair:6)
12 creatures vanquished.

Vanquished Creatures (others)
  A frilled lizard (D:4)
  2 bushes (Lair:3)
  539 foxfires
  6 fungi
  12 plants
560 creatures vanquished.

Grand Total: 888 creatures vanquished

Notes
Turn   | Place    | Note
-------+----------+-------------------------------------------
     0 | D:1      | Conn the Octopode Fire Elementalist began the quest for the
                  | Orb.
     0 | D:1      | Reached XP level 1. HP: 11/11 MP: 3/3
   116 | D:1      | Reached XP level 2. HP: 11/17 MP: 0/5
  1087 | D:1      | Reached XP level 3. HP: 21/21 MP: 6/6
  1092 | D:1      | Learned a level 3 spell: Conjure Flame
  1192 | D:2      | Found a shadowy altar of Dithmenos.
  1796 | D:2      | Reached XP level 4. HP: 27/27 MP: 4/8
  1896 | D:2      | Found an ornate altar of the Wu Jian Council.
  2266 | D:3      | Found a hazy altar of Hepliaklqana.
  2728 | D:3      | Reached skill level 1 in Short Blades
  2728 | D:3      | Reached XP level 5. HP: 30/32 MP: 4/9
  3133 | D:4      | Found a stormy altar of Qazlal.
  3211 | D:4      | Learned a level 4 spell: Sticky Flame
  3258 | D:4      | Found a white marble altar of Elyvilon.
  3299 | D:4      | Found a glowing golden altar of the Shining One.
  3301 | D:4      | Noticed an angel
  3306 | D:4      | Found a basalt altar of Yredelemnul.
  3308 | D:4      | Noticed a profane servitor
  3732 | D:4      | Reached XP level 6. HP: 37/37 MP: 9/11
  4184 | D:4      | Found a shattered altar of Ashenzari.
  4287 | D:5      | Entered Level 5 of the Dungeon
  4393 | D:5      | Noticed a sky beast
  5009 | D:5      | Reached XP level 7. HP: 42/42 MP: 4/13
  5107 | D:5      | Reached skill level 1 in Fighting
  5171 | D:5      | Reached skill level 5 in Stealth
  5840 | D:5      | Reached XP level 8. HP: 48/48 MP: 15/15
  6189 | D:5      | Found an opulent altar of Gozag.
  6217 | D:5      | Found a radiant altar of Vehumet.
  6305 | D:6      | Reached skill level 5 in Spellcasting
  6426 | D:6      | Found a staircase to the Ecumenical Temple.
  6426 | D:6      | Noticed Menkaure
  6437 | D:6      | Killed Menkaure
  6441 | D:6      | HP: 2/48 [centaur/arrow (9)]
  6649 | D:5      | Learned a level 5 spell: Fireball
  6649 | D:5      | Reached skill level 5 in Short Blades
  6649 | D:5      | Reached XP level 9. HP: 59/59 MP: 15/20
  6699 | D:6      | Noticed Pikel
  6832 | D:5      | Learned a level 3 spell: Inner Flame
  6927 | D:6      | Noticed Blork the orc
  6937 | D:6      | Killed Blork the orc
  7023 | D:6      | Found a shimmering blue altar of Sif Muna.
  7136 | D:6      | Became a worshipper of Sif Muna the Loreminder
  7194 | D:6      | Found an iron altar of Okawaru.
  7542 | D:6      | Killed Pikel
  7613 | D:6      | Found a snail-covered altar of Cheibriados.
  7741 | D:7      | Noticed a hornet
  7743 | D:7      | Killed a hornet
  7775 | D:7      | Reached XP level 10. HP: 65/65 MP: 8/22
  7867 | D:7      | Found an opulent altar of Gozag.
  8160 | D:7      | Reached * piety under Sif Muna
  9359 | D:7      | Found a runed translucent door.
  9360 | D:7      | Noticed Crazy Yiuf
  9377 | D:7      | Killed Crazy Yiuf
  9547 | D:7      | Gained mutation: You are resistant to hostile enchantments.
                  | (MR+) [potion of mutation]
  9547 | D:7      | Gained mutation: You possess an exceptional clarity of
                  | mind. [potion of mutation]
  9595 | D:8      | Noticed a centaur warrior
  9617 | D:8      | Killed a centaur warrior
  9989 | D:8      | Noticed Erica
  9995 | D:8      | Killed Erica
 10837 | D:8      | Reached ** piety under Sif Muna
 11149 | D:9      | Found a staircase to the Lair.
 11185 | D:9      | Reached XP level 11. HP: 70/70 MP: 24/24
 11225 | D:9      | Found a burning altar of Makhleb.
 12256 | Lair:1   | Entered Level 1 of the Lair of Beasts
 12265 | Lair:1   | Reached skill level 1 in Invocations
 12953 | Lair:1   | HP: 3/70 [poisoned by a spiny frog]
 13344 | Lair:1   | Found a snail-covered altar of Cheibriados.
 14136 | Lair:2   | Reached skill level 10 in Spellcasting
 14417 | Lair:2   | Reached skill level 10 in Conjurations
 14506 | Lair:2   | Reached *** piety under Sif Muna
 14758 | Lair:2   | Reached XP level 12. HP: 63/76 MP: 12/26
 15046 | Lair:2   | Reached skill level 5 in Fighting
 15708 | Lair:3   | Identified a scroll of acquirement
 16171 | Lair:3   | Noticed a death yak
 16171 | Lair:3   | Noticed a death yak
 16171 | Lair:3   | Noticed a death yak
 16172 | Lair:3   | Noticed a death yak
 16173 | Lair:3   | Noticed a death yak
 16173 | Lair:3   | Noticed a death yak
 16183 | Lair:3   | Killed a death yak
 16225 | Lair:3   | Killed a death yak
 16921 | Lair:3   | Found a hole to the Spider Nest.
 17856 | Lair:4   | Noticed Sonja
 17860 | Lair:4   | Killed Sonja
 17979 | Lair:4   | Found a staircase to the Shoals.
 18030 | Lair:4   | Noticed a seven-headed hydra
 18474 | Lair:5   | Got a crystal quarterstaff
 18475 | Lair:5   | Identified the +4 quarterstaff "Wirr" {drain, rF+ Str+4
                  | Int-3 Dex+4} (You found it on level 5 of the Lair of
                  | Beasts)
 18757 | Lair:4   | Reached skill level 1 in Evocations
 18770 | Lair:4   | Reached skill level 5 in Invocations
 18874 | Lair:4   | Identified the ring "Wek Atwy" {rF+ rC+ Stlth+} (You
                  | acquired it on level 4 of the Lair of Beasts)
 19062 | Lair:4   | Learned a level 3 spell: Mephitic Cloud
 19069 | Lair:4   | Learned a level 6 spell: Freezing Cloud
 19077 | Lair:4   | Learned a level 7 spell: Ring of Flames
 19191 | Lair:4   | Killed a seven-headed hydra
 19191 | Lair:4   | Reached XP level 13. HP: 81/81 MP: 12/28
 20282 | Lair:6   | Entered Level 6 of the Lair of Beasts
 20339 | Lair:6   | Reached **** piety under Sif Muna
 20347 | Lair:6   | Reached skill level 1 in Shields
 20355 | Lair:6   | Reached skill level 1 in Charms
 20410 | Lair:6   | Noticed Josephine
 20417 | Lair:6   | Killed Josephine
 20674 | Lair:6   | Found a staircase to the Slime Pits.
 20675 | Lair:6   | Found a viscous altar of Jiyva.
 20696 | Lair:6   | Reached skill level 10 in Stealth
 20703 | Lair:6   | Slain by a komodo dragon

Levels and vault maps discovered:
D:1:      evilmike_arrival_run_for_it, layout_loops_ring
D:2:      layout_loops_ring, nicolae_dithmenos_shadow_blocks, marbit_many_paths,
          first_ration
D:3:      layout_basic, nicolae_overflow_hidden_temple
D:4:      layout_loops_cross, grunt_temple_overflow_holy_war, elyvilon_altar_4,
          lemuel_coloured_pillars_altar, minmay_liquid_box,
          grunt_qazlal_sundering
D:5:      layout_basic, kennysheep_mini_moat,
          nicolae_gozag_cash_rules_everything_around_me
D:6:      layout_rooms, cheibrodos_worm_habitat, old_standard_altar,
          minmay_temple_entry_large_hall, tgw_sif, uniq_menkaure, uniq_pikel
D:7:      layout_basic, lemuel_tele_altar, uniq_crazy_yiuf_cottage
D:8:      minmay_the_grid_square_5x5_3x3 [minmay_the_grid_square_5x5_misaligned,
          minmay_the_grid_square_5x5_seven, minmay_the_grid_square_5x5_inner_z,
          minmay_the_grid_square_5x5_hourglass,
          minmay_the_grid_square_5x5_megaprize_hollow,
          minmay_the_grid_square_5x5_two_small,
          minmay_the_grid_square_5x5_three_small,
          minmay_the_grid_square_5x5_eight,
          minmay_the_grid_square_5x5_moneybag], layout_loops_ring, serial_bayou,
          serial_bayou_shore_b, serial_bayou_pond_b, serial_bayou_shore_b,
          serial_bayou_ford_a, uniq_erica
D:9:      layout_layer_cave, nicolae_overflow_crystal_walls, dpeg_oklobed_lair
Lair:1:   layout_gridlike, basic_altar, dpeg_stationary_puzzle,
          grunt_megastairs_5
Lair:2:   layout_loops_ring, nicolae_quartered_pool_little, lemuel_fruit_fields
Lair:3:   layout_chaotic_city, spider_nest_entry_rubble, wad_woods_river_01
Lair:4:   layout_roguey, shoals_dummy_entry, minmay_lair_drake_nest, uniq_sonja
Lair:5:   layout_hall_layers
Lair:6:   hangedman_lair_in_review, layout_gridlike, guppyfry_lair_end_dragon,
          slime_altar_1, special_room [special_room_jelly],
          portal_ice_cave_rime, uniq_josephine

Skill      XL: |  1  2  3  4  5  6  7  8  9 10 11 12 13 |
---------------+----------------------------------------+-----
Stealth        | 3 4 5 8 9 10 | 10.0
Spellcasting   | 3 4 7 8 9 10 11 | 11.7
Short Blades   | 1 2 5 |  5.7
Conjurations   | 2 3 7 9 10 11 | 11.2
Fire Magic     | 4 6 7 8 9 |  9.1
Fighting       | 1 4 5 |  5.4
Dodging        | 3 4 |  4.0
Invocations    | 3 5 6 |  6.0
Evocations     | 1 |  1.2
Shields        | 2 |  2.2
Charms         | 1 |  1.5
Throwing       | |  0.2
Hexes          | |  0.9
Poison Magic   | |  0.1

Action                   |  1- 3 |  4- 6 |  7- 9 | 10-12 | 13-15 || total
-------------------------+-------+-------+-------+-------+-------++-------
Melee: Unarmed           |     8 |       |       |       |       ||     8
       Constrict         |    14 |     7 |     6 |    33 |     3 ||    63
       Tentacles         |     6 |     6 |    12 |    58 |    13 ||    95
       Short sword       |    34 |       |       |       |       ||    34
       Dagger            |     3 |    43 |    45 |   271 |    36 ||   398
Throw: Dart              |    13 |       |     1 |     3 |       ||    17
 Cast: Foxfire           |    40 |    51 |    75 |   149 |    13 ||   328
       Conjure Flame     |       |     1 |     4 |    10 |       ||    15
       Sticky Flame      |       |       |     5 |    34 |    10 ||    49
       Fireball          |       |       |     5 |    61 |    18 ||    84
       Inner Flame       |       |       |     1 |     9 |       ||    10
       Mephitic Cloud    |       |       |       |       |     9 ||     9
Invok: Channel Magic     |       |       |       |     3 |     5 ||     8
Evoke: Wand              |       |     3 |       |     9 |       ||    12
       Fan of gales      |       |       |       |     1 |       ||     1
  Use: Scroll            |       |     7 |     1 |    17 |     4 ||    29
       Potion            |       |       |     4 |    12 |     7 ||    23
 Stab: Sleeping          |     5 |     8 |     5 |    13 |     1 ||    32
       Distracted        |       |       |     1 |     1 |       ||     2
  Eat: Chunk             |     3 |     8 |     2 |    38 |     4 ||    55
       Ration            |       |     1 |     2 |     4 |     2 ||     9
Armor: Skin              |     9 |     3 |     5 |    13 |     9 ||    39
Dodge: Dodged            |    46 |    44 |    55 |   147 |    21 ||   313
Block: Buckler           |       |       |       |       |     7 ||     7

Table legend:
 A = Non-vault XP
 B = Vault XP
 C = Vault XP percentage of total XP
 D = Non-vault monster count
 E = Vault monster count
 F = Vault count percentage of total count
                 A         B        C        D         E       F
            +---------+---------+-------+---------+---------+-------
      Total |   30244 |    8533 |  22.0 |     280 |      35 |  11.1
            +---------+---------+-------+---------+---------+-------
        D:1 |      29 |       5 |  14.7 |      16 |       1 |   5.9
        D:2 |      64 |       2 |   3.0 |      18 |       1 |   5.3
        D:3 |      67 |       0 |   0.0 |      20 |       0 |   0.0
        D:4 |     270 |       0 |   0.0 |      13 |       0 |   0.0
        D:5 |     846 |       0 |   0.0 |      20 |       0 |   0.0
        D:6 |     477 |     897 |  65.3 |      13 |       4 |  23.5
        D:7 |    1274 |      41 |   3.1 |      30 |       1 |   3.2
        D:8 |    1020 |    2610 |  71.9 |      20 |      13 |  39.4
        D:9 |     651 |       0 |   0.0 |      14 |       0 |   0.0
     Lair:1 |    2503 |     253 |   9.2 |      15 |       3 |  16.7
     Lair:2 |    7248 |       0 |   0.0 |      31 |       0 |   0.0
     Lair:3 |    5012 |     832 |  14.2 |      16 |       3 |  15.8
     Lair:4 |    3543 |    1998 |  36.1 |      18 |       4 |  18.2
     Lair:5 |    1803 |       0 |   0.0 |       9 |       0 |   0.0
     Lair:6 |    5437 |    1895 |  25.8 |      27 |       5 |  15.6
            +---------+---------+-------+---------+---------+-------
